 Dungeon Crawl Stone Soup version 0.29-a0-334-gb41bcbb86e (webtiles) character file.

Game seed: 4469761778265064403

10837 spaghetti the Geomancer (level 11, -30/72 HPs)
             Began as an Octopode Earth Elementalist on Apr 14, 2022.
             Was an Elder of Dithmenos.
             Killed from afar by Jorgrun (64 damage)
             ... with an iron shot
             ... on level 12 of the Dungeon.
             The game lasted 00:24:44 (12137 turns).

spaghetti the Geomancer (OpEE)                     Turns: 12137, Time: 00:24:44

Health: -30/72     AC:  4    Str:  8    XL:     11   Next: 68%
Magic:  14/20      EV: 19    Int: 22    God:    Dithmenos [****..]
Gold:   484        SH:  0    Dex: 12    Spells: 1/26 levels left

rFire   . . .      SeeInvis +   w - +2 dagger (venom) {short}
rCold   + . .      Faith    +   (no shield)
rNeg    + . .      Spirit   .   (helmet restricted)
rPois   .          Reflect  .   U - amulet of faith {!P}
rElec   .          Harm     .   o - +4 ring of evasion
rCorr   +          Rampage  .   n - ring of protection from cold
Will    .....                   v - ring of resist corrosion
Stlth   +++++++++.              E - ring of positive energy
HPRegen 0.22/turn               F - ring of see invisible
MPRegen 0.17/turn               (no ring)
                                (no ring)
                                (no ring)

@: liquefying, wreathed by umbra, slowed movement, very slow
A: almost no armour, amphibious, 8 rings, camouflage 2, gelatinous body 1,
(nimble swimmer 1), tentacles, iridescent scales 1, low MP 1, shaggy fur 1,
MP-powered wands
a: Renounce Religion, Shadow Step


You were on level 12 of the Dungeon.
You worshipped Dithmenos.
Dithmenos was greatly pleased with you.
You visited 1 branch of the dungeon, and saw 12 of its levels.
You also visited: Ice Cave.

You collected 484 gold pieces.


Innate Abilities, Weirdness & Mutations

You cannot wear most types of armour.
You are amphibious.
You can wear up to eight rings at the same time.
Your skin blends seamlessly with your surroundings (Stealth++).
Your rubbery body absorbs attacks. (AC +1, EV +1)
((You are camouflaged when in or above water. (Stealth+)))
You have tentacles for arms and can constrict up to eight enemies at once.
You are partially covered in iridescent scales. (AC +2)
Your magical capacity is low. (-10% MP)
You are covered in fur. (AC +1)
You expend magic power (3 MP) to strengthen your wands.


   Skills:
 - Level 5.8 Fighting
 - Level 6.2 Dodging
 - Level 9.1 Stealth
 - Level 8.0 Spellcasting
 * Level 8.9 Transmutations
 + Level 9.3 Earth Magic


You had one spell level left.
You knew the following spells:

 Your Spells              Type           Power      Damage    Failure   Level
a - Sandblast             Erth           98%        2d20      1%          1
b - Passwall              Tmut/Erth      40%        N/A       1%          2
c - Stone Arrow           Conj/Erth      58%        3d10      3%          3
d - Petrify               Tmut/Erth      49%        N/A       1%          4
e - Lee's Rapid Deconstr  Erth           24%        3d14*     4%          5
f - Leda's Liquefaction   Hex/Erth       14%        N/A       11%         4
g - Statue Form           Tmut/Erth      32%        N/A       26%         6

Your spell library contained the following spells:

 Spells                   Type           Power      Damage    Failure   Level
 Sublimation of Blood     Necr           8%         N/A       11%         2
 Summon Guardian Golem    Hex/Summ       8%         N/A       22%         3
 Irradiate                Conj/Tmut      14%        3d18      32%         5
 Anguish                  Hex/Necr       4%         N/A       58%         4
 Fireball                 Conj/Fire      4%         3d4       90%         5

Inventory:

Hand Weapons
 d - a +0 whip {mace}
   (You took it off a kobold on level 1 of the Dungeon)
 e - a +2 dagger of protection {short}
   (You took it off a goblin on level 1 of the Dungeon)
 l - a +2 short sword of holy wrath {short}
   (You took it off a kobold on level 2 of the Dungeon)
 q - a +4 quarterstaff of chaos {staff}
   (You took it off Crazy Yiuf on level 2 of the Dungeon)
 w - a +2 dagger of venom (weapon) {short}
   (You took it off a kobold on level 4 of the Dungeon)
 J - a +1 short sword of venom {short}
   (You took it off a kobold on level 9 of the Dungeon)
 K - a +0 dagger of venom {short}
   (You took it off a kobold on level 9 of the Dungeon)
 M - a +1 dire flail of draining {mace}
   (You took it off an orc warrior on level 11 of the Dungeon)
 S - a +0 falchion of holy wrath {long}
   (You found it on level 12 of the Dungeon)
Missiles
 a - 110 stones {throwing}
 c - 2 throwing nets {=f!fthrowing}
 p - 5 boomerangs {throwing}
 t - 3 javelins {throwing}
 u - 11 poisoned darts {throwing}
 G - a curare-tipped dart {=fthrowing}
 Q - 3 silver javelins {throwing}
Magical Staves
 H - a staff of earth {!astaff}
   (You found it on level 9 of the Dungeon)
Jewellery
 g - an amulet of regeneration {@e2}
   (You found it on level 1 of the Dungeon)
 n - a ring of protection from cold (right tentacle)
   (You found it on level 2 of the Dungeon)
 o - a +4 ring of evasion (left tentacle)
   (You found it on level 2 of the Dungeon)
 v - a ring of resist corrosion (on tentacle)
   (You found it on level 4 of the Dungeon)
 B - a ring of ice
   (You found it on level 7 of the Dungeon)
 E - a ring of positive energy (on tentacle)
   (You found it on level 7 of the Dungeon)
 F - a ring of see invisible (on tentacle)
   (You found it on level 8 of the Dungeon)
 T - an amulet of reflection
   (You found it on level 12 of the Dungeon)
 U - an amulet of faith (around mantle) {!P}
   (You found it on level 12 of the Dungeon)
Wands
 r - a wand of polymorph (4)
   (You took it off Terence on level 3 of the Dungeon)
 x - a wand of flame (14)
   (You took it off Blork the orc on level 6 of the Dungeon)
 D - a wand of mindburst (20)
   (You found it on level 7 of the Dungeon)
Scrolls
 f - a scroll of fear
 h - 6 scrolls of teleportation {@r4}
 k - 7 scrolls of identify {@r1}
 y - 2 scrolls of vulnerability {!r!r}
 z - a scroll of immolation {!r!r}
 A - a scroll of amnesia
 L - a scroll of enchant armour
 N - a scroll of fog
 O - a scroll of torment {!r}
 P - 2 scrolls of enchant weapon
Potions
 b - 3 potions of magic
 i - 2 potions of mutation {!q}
 j - 3 potions of might
 m - 2 potions of lignification {!q}
 s - 2 potions of brilliance
 C - a potion of flight
 I - 9 potions of degeneration {!q@e2}
 R - a potion of haste {@q3}
 V - a potion of resistance {unknown}

Dungeon Overview and Level Annotations

Branches:
Dungeon (12/15)            Temple (0/1) D:7            Lair (0/6) D:11
    Orc (0/2) D:11          IceCv (visited)

Altars:
Dithmenos
Vehumet

Shops:
D:10 (

Annotations:
D:4 Duvessa
D:10 2 runed translucent doors, spaghetti's ghost, novice NaFi
D:12 Jorgrun

.# ### .#
#...# .#
#...# .#
####...##.#
#.........#
...>..§§§#
......§@g#
###..§####
#...#
#...########
##.........#
#########.#
#.# #.# #.#


You could see Jorgrun (extremely poisoned, struggling).


Message History

You feel a surge of power!
The stone arrow hits the cyan ugly thing!
The cyan ugly thing barely misses you. 😎 MP[-3]
You lost 3 mp, and now have 5/20 mp.
Casting: Stone Arrow (dangerous; 3% risk of failure)
Confirm with . or Enter, or press ? or * to list all spells.
Aiming: Stone Arrow (dangerous; 3% risk of failure)
Press: ? - help, Shift-Dir - straight line, f/p - cyan ugly thing
Aim: a cyan ugly thing (almost dead, umbra, 76% to hit)
You feel a surge of power!
The stone arrow hits the cyan ugly thing!!
You kill the cyan ugly thing!
Dithmenos accepts your kill. 😎 MP[-2]
You lost 2 mp, and now have 3/20 mp.
You start resting. 😎 MP[+17]
Your mp is fully restored (20).
You see here an ugly thing corpse.
V - a red potion
Found a stone staircase leading down.
Jorgrun Earthshaker comes into view.
He is wielding a +0 vorpal quarterstaff.
Unknown command.
Casting: Stone Arrow (dangerous; 3% risk of failure)
Confirm with . or Enter, or press ? or * to list all spells.
You can't see any susceptible monsters within range! (Use Z to cast anyway.)
Casting: Stone Arrow (dangerous; 3% risk of failure)
Confirm with . or Enter, or press ? or * to list all spells.
You feel a surge of power!
The ground around you becomes liquefied! 😎 MP[-4]
You lost 4 mp, and now have 16/20 mp.
Casting: Leda's Liquefaction (dangerous; 11% risk of failure)
Confirm with . or Enter, or press ? or * to list all spells.
You can't see any susceptible monsters within range! (Use Z to cast anyway.)
Casting: Leda's Liquefaction (dangerous; 11% risk of failure)
Confirm with . or Enter, or press ? or * to list all spells.
You can't see any susceptible monsters within range! (Use Z to cast anyway.)
Casting: Leda's Liquefaction (dangerous; 11% risk of failure)
Confirm with . or Enter, or press ? or * to list all spells.
Aiming: Petrify (dangerous; 1% risk of failure)
Press: ? - help, Shift-Dir - straight line, f - Jorgrun
Aim: Jorgrun, wielding a +0 vorpal quarterstaff and wearing a +0 robe (asleep, chance to affect: 5%)
Okay, then. 😎 MP[+1]
Your +2 dagger of venom {short} begins to drip with poison!
w - a +2 dagger of venom (weapon)
{short}
Casting: Petrify (dangerous; 1% risk of failure)
Confirm with . or Enter, or press ? or * to list all spells.
Aiming: Passwall (safe; 1% risk of failure)
Press: ? - help, Dir - move target A rock wall.
This square is wreathed by an umbra.
You begin to meditate on the wall.
You continue meditating on the rock. x4
You finish merging with the rock. 😎 MP[-1]
You lost 1 mp, and now have 16/20 mp.
Unknown command.
Unknown command.
The helpless Jorgrun fails to defend himself.
You impale Jorgrun!!
Jorgrun looks as sick as possible!
Your grab misses Jorgrun. Jorgrun casts a spell at you.
The iron shot hits you!!!
Ouch! That really hurt!
* * * LOW HITPOINT WARNING * * *
You emit a cloud of dark smoke. 😨 HP[-39]
You take 39 damage, and now have 33/72 hp.
MASSIVE DAMAGE!! (PAUSE) Unknown command.
Okay, then.
Okay, then.
Okay, then.
Okay, then.
Okay, then.
Okay, then.
Casting: Passwall (safe; 1% risk of failure)
Confirm with . or Enter, or press ? or * to list all spells.
Aiming: Petrify (dangerous; 1% risk of failure)
Press: ? - help, Shift-Dir - straight line, f - Jorgrun
Aim: Jorgrun, wielding a +0 vorpal quarterstaff and wearing a +0 robe (black smoke, moderately wounded, extremely poisoned, covering ground slowly, umbra, chance to affect: 3%)
Okay, then.
Unknown command.
Okay, then.
Casting: Petrify (dangerous; 1% risk of failure)
Confirm with . or Enter, or press ? or * to list all spells.
Okay, then.
Okay, then.
Casting: Petrify (dangerous; 1% risk of failure)
Confirm with . or Enter, or press ? or * to list all spells.
Aiming: Passwall (safe; 1% risk of failure)
Press: ? - help, Dir - move target A rock wall.
This square is wreathed by an umbra.
Jorgrun casts a spell at you. The iron shot hits you!!!
Ouch! That really hurt!
You die...

Skill      XL: |  1  2  3  4  5  6  7  8  9 10 11 |
---------------+----------------------------------+-----
Fighting       | 1 2 3 4 5 |  5.8
Spellcasting   | 3 4 5 6 7 8 |  8.0
Dodging        | 3 4 5 6 |  6.2
Earth Magic    | 4 5 6 8 9 |  9.3
Stealth        | 5 8 9 |  9.1
Transmutations | 6 8 |  8.9

Action                   |  1- 3 |  4- 6 |  7- 9 | 10-12 || total
-------------------------+-------+-------+-------+-------++-------
Melee: Unarmed           |     4 |    10 |       |       ||    14
       Constrict         |     5 |     4 |    10 |     5 ||    24
       Whip              |     5 |       |       |       ||     5
       Dagger            |     3 |     1 |    22 |    13 ||    39
       Tentacles         |     3 |     1 |    18 |     8 ||    30
       Short sword       |     6 |    15 |    41 |       ||    62
       Punch             |       |       |     1 |       ||     1
       Staff             |       |       |       |    26 ||    26
 Cast: Sandblast         |    35 |    32 |   108 |    72 ||   247
       Stone Arrow       |     1 |    12 |    29 |    76 ||   118
       Passwall          |       |       |     1 |     2 ||     3
       Petrify           |       |       |     1 |     3 ||     4
       Lee's Rapid Decon |       |       |     1 |     4 ||     5
       Leda's Liquefacti |       |       |       |     1 ||     1
Invok: Shadow Step       |       |     1 |       |       ||     1
Evoke: Wand              |       |       |       |     2 ||     2
  Use: Scroll            |       |     4 |     3 |     7 ||    14
       Potion            |       |       |     6 |     5 ||    11
 Stab: Sleeping          |       |     1 |       |     1 ||     2
       Petrified         |       |       |     5 |     2 ||     7
Armor: Skin              |     2 |     3 |     9 |     6 ||    20
Dodge: Dodged            |    12 |    38 |   152 |    86 ||   288

Levels and vault maps discovered:
D:1:      minmay_arrival_diagonal_passages, layout_basic
D:2:      layout_basic, basic_ecumenical_altar, minmay_misc_feat_enclosed,
          uniq_jessica, uniq_crazy_yiuf_cottage
D:3:      layout_basic, uniq_terence
D:4:      layout_loops_ring, serial_aquarium, aquarium_bridge_square
          [aquarium_subvault_window, aquarium_subvault_wall,
          aquarium_subvault_bridge, aquarium_subvault_bridge],
          aquarium_bridge_straight [aquarium_subvault_bridge,
          aquarium_subvault_balcony, aquarium_subvault_bridge,
          aquarium_subvault_wall], aquarium_window_fake, aquarium_window_2,
          aquarium_view_2b, aquarium_balcony_3a, minmay_curled_crystal,
          minmay_cut_off, uniq_edmund, uniq_duvessa
D:5:      layout_cave_pools
D:6:      layout_basic, serial_bayou, serial_bayou_lake_a, serial_bayou_pond_e,
          serial_bayou_shore_a, serial_bayou_lagoon_a, kennysheep_diamond,
          nicolae_lava_and_water, due_unseen_surprise, uniq_blork_the_orc
D:7:      layout_rooms, nicolae_vehumet_altar_sigil,
          minmay_temple_entry_offerings
D:8:      layout_cave_pools
D:9:      layout_basic, uniq_joseph
D:10:     layout_stronghold, ebering_ghost_disaster_area, serial_shops,
          nicolae_shop_competitors_out_of_business
D:11:     layout_small_grid, david_lair_shrubbed, erik_orc_1
D:12:     layout_loops_ring, portal_ice_cave_entry_pillars_2, eino_tiny_chamber,
          uniq_jorgrun, uniq_nergalle, uniq_maurice

Notes
Turn   | Place    | Note
-------+----------+-------------------------------------------
     0 | D:1      | spaghetti the Octopode Earth Elementalist began the quest
                  | for the Orb.
     0 | D:1      | Reached XP level 1. HP: 11/11 MP: 3/3
     6 | D:1      | magus.rc [v1.9.6]
   339 | D:1      | Reached XP level 2. HP: 14/17 MP: 3/5
  1139 | D:1      | Reached XP level 3. HP: 22/22 MP: 4/6
  1740 | D:2      | Learned a level 2 spell: Passwall
  1744 | D:2      | Learned a level 3 spell: Stone Arrow
  1885 | D:2      | Found a runed translucent door.
  1888 | D:2      | Noticed Crazy Yiuf
  1895 | D:2      | HP: 1/22 [Crazy Yiuf/+4 quarterstaff of chaos (12)]
  1896 | D:2      | Killed Crazy Yiuf
  1897 | D:2      | Reached skill level 1 in Fighting
  1897 | D:2      | Reached XP level 4. HP: 3/28 MP: 0/8
  2075 | D:2      | Found a faded altar of an unknown god.
  2076 | D:2      | Noticed Jessica
  2077 | D:2      | Killed Jessica
  2078 | D:2      | Reached skill level 3 in Spellcasting
  2080 | D:2      | Prayed at the altar of an unknown god.
  2080 | D:2      | Became a worshipper of Dithmenos the Shadowed
  2080 | D:2      | Reached * piety under Dithmenos
  2683 | D:3      | Reached XP level 5. HP: 33/33 MP: 7/9
  2807 | D:3      | Noticed Terence
  2859 | D:3      | Killed Terence
  3275 | D:4      | Noticed an ogre
  3279 | D:4      | Killed an ogre
  3280 | D:4      | Reached skill level 2 in Fighting
  3280 | D:4      | Reached skill level 3 in Dodging
  3280 | D:4      | Reached skill level 4 in Earth Magic
  3280 | D:4      | Reached XP level 6. HP: 39/39 MP: 3/11
  3373 | D:4      | Reached skill level 4 in Spellcasting
  3528 | D:4      | Noticed a black bear
  3532 | D:4      | Killed a black bear
  3532 | D:4      | Reached ** piety under Dithmenos
  3696 | D:4      | Noticed Dowan
  3697 | D:4      | Noticed Duvessa
  3703 | D:4      | Killed Dowan
  3704 | D:4      | Reached XP level 7. HP: 38/45 MP: 2/13
  3718 | D:5      | Entered Level 5 of the Dungeon
  3832 | D:5      | You fall into a shaft and drop 1 floor!
  3854 | D:6      | Reached skill level 3 in Fighting
  3874 | D:6      | Gained mutation: You have hidden genetic potential. [potion
                  | of mutation]
  3874 | D:6      | Gained mutation: You expend magic power (3 MP) to
                  | strengthen your wands. [potion of mutation]
  3874 | D:6      | Gained mutation: Your magical capacity is low. (-10% MP)
                  | [potion of mutation]
  3874 | D:6      | Gained mutation: You are covered in fur. (AC +1) [potion of
                  | mutation]
  3885 | D:6      | Reached skill level 4 in Dodging
  3885 | D:6      | Reached skill level 5 in Spellcasting
  4010 | D:6      | HP: 10/46 [electric eel/bolt of electricity (15)]
  4017 | D:6      | HP: 4/46 [electric eel/bolt of electricity (12)]
  4019 | D:6      | Reached skill level 5 in Earth Magic
  4019 | D:6      | Reached XP level 8. HP: 6/52 MP: 1/14
  4169 | D:6      | Gained mutation: Your skin blends seamlessly with your
                  | surroundings (Stealth++). [hidden potential]
  4184 | D:6      | Noticed Blork the orc
  4188 | D:6      | Killed Blork the orc
  4205 | D:6      | Reached skill level 3 in Stealth
  4330 | D:6      | Reached skill level 4 in Fighting
  4593 | D:6      | Reached skill level 4 in Stealth
  4593 | D:6      | Reached skill level 6 in Spellcasting
  4756 | D:6      | Learned a level 4 spell: Petrify
  5307 | D:7      | Reached skill level 5 in Stealth
  5310 | D:7      | Reached skill level 5 in Dodging
  5425 | D:6      | Reached XP level 9. HP: 27/59 MP: 5/16
  5619 | D:7      | Gained mutation: You are partially covered in iridescent
                  | scales. (AC +2) [hidden potential]
  5619 | D:7      | Lost mutation: You have hidden genetic potential. [hidden
                  | potential expressed]
  5704 | D:7      | Found a radiant altar of Vehumet.
  5954 | D:7      | You pick up a book of the Earth and begin reading...
  5954 | D:7      | You add the spells Leda's Liquefaction, Lee's Rapid
                  | Deconstruction and Statue Form to your library.
  5961 | D:7      | Learned a level 5 spell: Lee's Rapid Deconstruction
  5966 | D:7      | Learned a level 4 spell: Leda's Liquefaction
  6043 | D:7      | Found a staircase to the Ecumenical Temple.
  6054 | D:7      | You pick up a book of Alchemy and begin reading...
  6054 | D:7      | You add the spells Sublimation of Blood and Irradiate to
                  | your library.
  6066 | D:7      | Reached skill level 6 in Stealth
  6276 | D:7      | Reached skill level 6 in Earth Magic
  6376 | D:8      | Reached skill level 7 in Spellcasting
  6377 | D:8      | Reached *** piety under Dithmenos
  6389 | D:8      | Reached skill level 5 in Fighting
  6552 | D:8      | Noticed a two-headed ogre
  6567 | D:8      | Killed a two-headed ogre
  6568 | D:8      | Reached skill level 7 in Stealth
  6571 | D:8      | Reached skill level 8 in Stealth
  6575 | D:8      | Reached XP level 10. HP: 39/66 MP: 1/19
  6846 | D:8      | Reached skill level 6 in Dodging
  7398 | D:9      | Noticed Joseph
  7414 | D:10     | Entered Level 10 of the Dungeon
  7430 | D:9      | Killed Joseph
  7431 | D:9      | Reached skill level 9 in Stealth
  7431 | D:9      | Reached skill level 8 in Spellcasting
  7563 | D:9      | Learned a level 6 spell: Statue Form
  7645 | D:9      | Reached skill level 2 in Transmutations
  7905 | D:9      | Reached skill level 7 in Earth Magic
  8060 | D:9      | Identified the +0 robe "Kideilet" {rPois rCorr Str+4}
  8072 | D:9      | Noticed a two-headed ogre
  8077 | D:9      | Killed a two-headed ogre
  8078 | D:9      | Reached skill level 4 in Transmutations
  8538 | D:9      | You add the spells Summon Guardian Golem, Anguish and
                  | Fireball to your library.
  8538 | D:9      | Got the Disquisition on Bewitchment and the Blaze
  8746 | D:10     | Reached skill level 5 in Transmutations
  8788 | D:10     | Found a large runed translucent door.
  8788 | D:10     | Found a large runed translucent door.
  8931 | D:10     | Noticed a two-headed ogre
  8975 | D:10     | Killed a two-headed ogre
  8976 | D:10     | Reached skill level 6 in Transmutations
  8976 | D:10     | Reached skill level 8 in Earth Magic
  8976 | D:10     | Reached XP level 11. HP: 72/72 MP: 9/20
  9044 | D:10     | Found Ibruafok's Weapon Shoppe.
  9303 | D:10     | Reached skill level 7 in Transmutations
  9473 | D:10     | Noticed a two-headed ogre
  9477 | D:10     | Killed a two-headed ogre
 10130 | D:10     | Noticed spaghetti's ghost (novice NaFi)
 10494 | D:11     | Found a staircase to the Lair.
 10843 | D:11     | Noticed a two-headed ogre
 10851 | D:11     | Killed a two-headed ogre
 10852 | D:11     | Reached skill level 8 in Transmutations
 10852 | D:11     | Reached skill level 9 in Earth Magic
 11213 | D:11     | Found a staircase to the Orcish Mines.
 11625 | D:12     | Found a frozen archway.
 11670 | IceCv    | Entered an ice cave
 11683 | IceCv    | Reached **** piety under Dithmenos
 11973 | D:12     | Noticed a cyan ugly thing
 11990 | D:12     | Killed a cyan ugly thing
 12124 | D:12     | Noticed Jorgrun
 12137 | D:12     | Killed from afar by Jorgrun

Vanquished Creatures
  5 two-headed ogres
  An ugly thing (D:12)
  Joseph (D:9)
  2 komodo dragons (D:11)
  A troll (D:9)
  A hornet (D:8)
  A shadow (D:10)
  2 wraiths
  A wyvern (D:8)
  5 yaks (D:10)
  A steam dragon (D:8)
  A death yak simulacrum (IceCv)
  4 vampire mosquitoes
  2 acid dragons
  A water moccasin (D:6)
  6 orc warriors
  2 black bears
  A swamp drake (D:11)
  An ice beast (D:6)
  2 ogres
  3 centaurs
  A kobold brigand (D:9)
  3 bullfrogs
  Blork the orc (D:6)
  A gnoll sergeant (D:7)
  3 scorpions (D:6)
  A two-headed ogre simulacrum (IceCv)
  5 wights (D:6)
  Dowan (D:4)
  An elephant simulacrum (IceCv)
  11 killer bees
  5 electric eels (D:6)
  2 howler monkeys (D:7)
  Crazy Yiuf (D:2)
  3 hounds
  2 gnoll shamans
  6 orc priests
  Jessica (D:2)
  Terence (D:3)
  2 orc wizards
  2 polar bear simulacra (IceCv)
  2 wolf simulacra (IceCv)
  14 gnolls
  5 adders
  A white imp (IceCv)
  An ufetubus (IceCv)
  2 worms
  2 dart slugs
  23 orcs
  4 endoplasms
  A giant cockroach (D:2)
  2 goblins (D:1)
  13 hobgoblins
  A quokka (D:1)
  2 ball pythons
  4 bats
  2 frilled lizards (D:1)
  14 kobolds
  8 rats
198 creatures vanquished.

Vanquished Creatures (others)
  12 fungi (D:4)
  10 plants (D:11)
22 creatures vanquished.

Grand Total: 220 creatures vanquished

Table legend:
 A = Non-vault XP
 B = Vault XP
 C = Vault XP percentage of total XP
 D = Non-vault monster count
 E = Vault monster count
 F = Vault count percentage of total count
                 A         B        C        D         E       F
            +---------+---------+-------+---------+---------+-------
      Total |   13135 |    2347 |  15.2 |     162 |      36 |  18.2
            +---------+---------+-------+---------+---------+-------
        D:1 |      37 |       0 |   0.0 |      23 |       0 |   0.0
        D:2 |      22 |      79 |  78.2 |      13 |       2 |  13.3
        D:3 |      32 |      36 |  52.9 |       9 |       1 |  10.0
        D:4 |     376 |      73 |  16.3 |      10 |       3 |  23.1
        D:6 |    1340 |     244 |  15.4 |      29 |       3 |   9.4
        D:7 |     928 |       0 |   0.0 |      20 |       0 |   0.0
        D:8 |    2334 |       0 |   0.0 |      17 |       0 |   0.0
        D:9 |    2118 |     450 |  17.5 |      14 |       1 |   6.7
       D:10 |    3599 |       0 |   0.0 |      15 |       0 |   0.0
       D:11 |    1650 |     991 |  37.5 |      10 |      17 |  63.0
       D:12 |     699 |       0 |   0.0 |       2 |       0 |   0.0
      IceCv |       0 |     474 | 100.0 |       0 |       9 | 100.0
            +---------+---------+-------+---------+---------+-------

Illustrated notes

Table legend:
 A = Kills in this place as a percentage of kills in entire the game.
 B = Kills by you in this place as a percentage of kills by you in the entire game.
 C = Kills by friends in this place as a percentage of kills by friends in the entire game.
 D = Other kills in this place as a percentage of other kills in the entire game.
 E = Experience gained in this place as a percentage of experience gained in the entire game.
 F = Experience gained in this place divided by the number of levels of this place that you have seen.
                   A       B       C       D       E      F
               +-------+-------+-------+-------+-------+----------------------
         Total | 100.0 | 100.0 |   N/A |   N/A | 100.0 | 1190.9
       Dungeon |  95.5 |  95.5 |   N/A |   N/A |  96.9 | 1250.7
      Ice Cave |   4.5 |   4.5 |   N/A |   N/A |   3.1 | 474.0
               +-------+-------+-------+-------+-------+----------------------

Table legend: (Time is in decaauts)
 A = Elapsed time spent in this place.
 B = Non-inter-level travel time spent in this place.
 C = Inter-level travel time spent in this place.
 D = Time resting spent in this place.
 E = Time spent auto-exploring this place.
 F = Levels seen in this place.
 G = Mean time per level.
                   A        B        C        D        E       F      G
               +--------+--------+--------+--------+--------+-----+--------+
         Total |  12133 |  11870 |    263 |   2913 |   7625 |  13 |  933.3 |
       Dungeon |  11935 |  11672 |    263 |   2758 |   7618 |  12 |  994.6 |
      Ice Cave |    197 |    197 |      0 |    154 |      7 |   1 |  197.0 |
               +--------+--------+--------+--------+--------+-----+--------+

Top non-repeatable levels by time:
     D:6: 1879 daAuts
     D:1: 1569 daAuts
     D:9: 1482 daAuts
    D:11: 1417 daAuts
    D:10: 1416 daAuts
     D:2: 924 daAuts
     D:8: 916 daAuts
     D:3: 906 daAuts
     D:7: 656 daAuts
    D:12: 353 daAuts
     D:4: 313 daAuts
   IceCv: 197 daAuts
     D:5: 98 daAuts
